 Dungeon Crawl Stone Soup version 0.19.4-8-ga85b6b9 (webtiles) character file.

147 sankara the Conjurer (level 5, -3/38 HPs)
             Began as a Draconian Conjurer on Feb 13, 2017.
             Slain by Grinder (6 damage)
             ... on level 3 of the Dungeon.
             The game lasted 00:09:02 (2581 turns).

sankara the Conjurer (Draconian Conjurer)           Turns: 2581, Time: 00:09:03

Health: -3/38      AC:  6    Str: 15    XL:     5   Next: 8%
Magic:  9/9        EV: 13    Int: 15    God:
Gold:   140        SH:  0    Dex: 13    Spells: 3 memorised, 2 levels left

rFire  . . .     SeeInvis .     l - +0 short sword (drain)
rCold  . . .     Gourm    .     (armour unavailable)
rNeg   . . .     Faith    .     (no shield)
rPois  .         Spirit   .     (helmet restricted)
rElec  .         Reflect  .     o - +0 cloak
rCorr  .         Harm     .     (no gloves)
MR     .....                    (no boots)
Stlth  ++........               (no amulet)
                                (no ring)
                                (no ring)

@: mighty
A: unfitting armour, cold-blooded, AC +5
a: no special abilities


You were on level 3 of the Dungeon.
You were not hungry.

You visited 1 branch of the dungeon, and saw 3 of its levels.

You collected 140 gold pieces.

Inventory:

Hand Weapons
 f - a +0 dagger
 l - a +0 short sword of draining (weapon)
 q - a +4 dagger
 t - a +0 falchion
Armour
 o - a +0 cloak (worn)
Scrolls
 d - a scroll of fear {unknown}
 e - a scroll of teleportation {unknown}
 h - 2 scrolls of identify {unknown}
 i - a scroll of enchant armour {unknown}
 j - a scroll of noise {unknown}
 m - a scroll of fog {unknown}
Potions
 c - a potion of might
 g - a potion of mutation {unknown}
 n - a potion of magic {unknown}
 r - 2 potions of berserk rage {unknown}
Books
 a - a book of Conjurations

   Spells                             Type                      Level
   a - Magic Dart                     Conjuration                  1
   b - Searing Ray                    Conjuration                  2
   c - Dazzling Spray                 Conjuration/Hexes            3
   d - Fulminant Prism                Conjuration/Hexes            4
   e - Iskenderun's Mystic Blast      Conjuration                  4
   f - Iskenderun's Battlesphere      Conjuration/Charms           5
Comestibles
 b - 3 bread rations
 k - a slice of pizza
 p - a meat ration
 s - a chunk of flesh


   Skills:
 + Level 3.3 Dodging
 - Level 1.7 Stealth
 + Level 3.0 Spellcasting
 + Level 4.9 Conjurations


You had 2 spell levels left.
You knew the following spells:

 Your Spells              Type           Power        Failure   Level  Hunger
a - Magic Dart            Conj           ###.         2%          1    #......
b - Dazzling Spray        Conj/Hex       #.....       24%         3    ###....
c - Iskenderun's Mystic   Conj           ###.....     28%         4    #####..


Dungeon Overview and Level Annotations

Branches:
Dungeon (3/15)

Altars:
Yredelemnul

Annotations:
D:3 Grinder


Innate Abilities, Weirdness & Mutations

Your plain brown scales are hard. (AC +5)
You cannot fit into any form of body armour.
You are cold-blooded and may be slowed by cold attacks.


Message History

It was a potion of might.
You feel very mighty all of a sudden. The adder misses you.
The adder closely misses you.
Grinder zaps a wand.
Some rock shatters into small pieces.
It is a wand of digging.
You puncture the adder! You drain the adder!
You kill the adder!
Your Spellcasting skill increases to level 3!
You have reached level 5!
The leopard gecko barely misses you.
You puncture the leopard gecko!
You kill the leopard gecko!
You puncture Grinder!
Grinder is moderately wounded.
Grinder barely misses you.
You puncture Grinder!
Grinder is severely wounded.
Grinder hits you.
* * * LOW HITPOINT WARNING * * *
You writhe in agony.
You die...

#......>.##.#.........
#.....##.###.#########
##...###.# ### ##..#
#.# #..# #.# ###..#
#.# #....###.#
#.###.5##.# #. ##@.#.#
# #.#..# #.........#
#.#.#..###.# ....#.#.#
.#####.# .# .. #.# #
#. #.# # #.#


You could see Grinder.

Vanquished Creatures
  Jessica (D:2)
  6 adders
  2 dart slugs (D:1)
  2 leopard geckos
  5 orcs
  5 bats
  4 giant cockroaches
  4 goblins
  9 hobgoblins
  3 jackals (D:2)
  A ball python (D:1)
  4 frilled lizards
  9 kobolds
  4 rats
59 creatures vanquished.

Notes
Turn   | Place    | Note
-------+----------+-------------------------------------------
     0 | D:1      | sankara the Draconian Conjurer began the quest for the Orb.
     0 | D:1      | Reached XP level 1. HP: 14/14 MP: 3/3
   236 | D:1      | Reached XP level 2. HP: 20/20 MP: 1/5
   953 | D:1      | Reached XP level 3. HP: 26/26 MP: 4/6
  1192 | D:2      | Found a basalt altar of Yredelemnul.
  1420 | D:2      | Noticed Jessica
  1472 | D:2      | Killed Jessica
  1472 | D:2      | Reached XP level 4. HP: 33/33 MP: 3/8
  1501 | D:2      | Learned a level 3 spell: Dazzling Spray
  1506 | D:2      | Learned a level 4 spell: Iskenderun's Mystic Blast
  2550 | D:3      | Noticed Grinder
  2572 | D:3      | Paralysed by Grinder for 5 turns
  2578 | D:3      | Reached XP level 5. HP: 8/38 MP: 9/9
  2581 | D:3      | Slain by Grinder

Skill      XL: |  1  2  3  4 |
---------------+-------------+-----
Dodging        | 2 3 |  3.3
Spellcasting   | 3 |  3.0
Stealth        | |  1.7
Conjurations   | |  4.9

Action                   |  1- 3 |  4- 6 || total
-------------------------+-------+-------++-------
Melee: Unarmed           |     5 |       ||     5
       Dagger            |    36 |       ||    36
       Tailslap          |     4 |     1 ||     5
       Short sword       |     9 |    31 ||    40
 Cast: Magic Dart        |    48 |    41 ||    89
  Use: Potion            |       |     1 ||     1
 Stab: Sleeping          |     3 |       ||     3
  Eat: Chunk             |     2 |     4 ||     6
Armor: Skin              |    15 |    12 ||    27
Dodge: Dodged            |    35 |    33 ||    68
